[Event "Titled Tuesday Blitz April 18 Late 2023"]
[White "Goltsev, Dmitry"]
[Black "Aranda Marin, Cristian"]
[WhiteFideId "24176710"]
[BlackFideId "2205513"]
[WhiteElo "2336"]
[BlackElo "2233"]
[Result "1-0"]
[Round "04"]
[TimeControl "180+2"]
[Date "2023.04.18"]
[WhiteClock "0:00:05"]
[BlackClock "0:00:07"]

1. e4 e6 2. d4 d5 3. exd5 exd5 4. Nf3 c6 5. c4 Bd6 6. Nc3 Ne7 7. Bd3 dxc4 8. Bxc4 O-O 9. O-O Bg4 10. Bg5 Nd7 11. Re1 Nb6 12. Bb3 Qc7 13. Rc1 Ng6 14. h3 Bd7 15. Nb5 Qb8 16. Nxd6 Qxd6 17. Qc2 Rae8 18. Rcd1 Be6 19. Ne5 Bxb3 20. Qxb3 Qd5 21. Qxd5 Nxd5 22. Nd7 Rxe1+ 23. Rxe1 Rc8 24. g3 f6 25. Bd2 b6 26. Rc1 Nge7 27. b4 Rd8 28. Nc5 bxc5 29. Rxc5 Rb8 30. Ra5 Rb7 31. a3 Kf7 32. Kg2 Ke6 33. Ra6 Kd7 34. Ra5 Nc8 35. Rc5 Nd6 36. Kf3 g5 37. h4 h6 38. Rc1 Rb8 39. Kg4 Ne4 40. Be1 Ne7 41. f3 Nd6 42. Kh5 Rh8 43. Rc5 Ne8 44. Ra5 Ng7+ 45. Kg4 h5+ 46. Kh3 Ne6 47. Rxa7+ Kd6 48. b5 cxb5 49. Bb4+ Kd5 50. Rxe7 gxh4 51. Kxh4 Nxd4 52. Rd7+ Kc4 53. Rc7+ Kb3 54. Kh3 Re8 55. f4 Re3 56. Kh4 Nf5+ 57. Kxh5 Rxg3 58. Rc5 Ng7+ 59. Kh6 Ka4 60. Rc6 Nf5+ 61. Kh5 Ng7+ 62. Kh6 Ne8 63. Re6 Nc7 64. Rxf6 Nd5 65. Ra6+ Kb3 66. f5 Kc4 67. Bf8 Kd4 68. f6 Ke5 69. f7 Rf3 70. Bg7+ 1-0


[Site "https://www.chess.com"]

[Event "Titled Tuesday Blitz April 18 Late 2023"]
[White "Mekhitarian, Krikor Sevag"]
[Black "Liu, Casper"]
[WhiteFideId "2107660"]
[BlackFideId "1454153"]
[WhiteElo "2604"]
[BlackElo "2221"]
[Result "1-0"]
[Round "04"]
[TimeControl "180+2"]
[Date "2023.04.18"]
[WhiteClock "0:00:12"]
[BlackClock "0:00:16"]

1. Nf3 d6 2. d4 g6 3. c4 Bg7 4. Nc3 Nf6 5. e4 O-O 6. h3 e5 7. d5 Na6 8. Be3 Nc5 9. Nd2 a5 10. g4 h5 11. Be2 hxg4 12. hxg4 Ne8 13. g5 f5 14. gxf6 Qxf6 15. Qc2 a4 16. O-O-O c6 17. Kb1 Nc7 18. Rdg1 N7a6 19. a3 Rb8 20. Nxa4 Bd7 21. Nb6 Be8 22. Bg4 Qd8 23. Na4 b5 24. Nxc5 Nxc5 25. Bxc5 dxc5 26. Be6+ Bf7 27. Bxf7+ Rxf7 28. Rxg6 Rxf2 29. Rhg1 Rb7 30. cxb5 cxd5 31. Qd3 c4 32. Rxg7+ Rxg7 33. Rxg7+ Kf8 34. Qg3 Qf6 35. Rg8+ Kf7 36. Rg6 Qf4 37. Rg7+ Ke8 38. Rg8+ Kd7 39. Qg7+ Kd6 40. Rd8+ Kc5 41. Qa7+ Kxb5 42. Rb8+ Kc6 43. Qb7+ Kc5 44. Qb6# 1-0


[Site "https://www.chess.com"]

[Event "Titled Tuesday Blitz April 18 Late 2023"]
[White "Barrientos, Sergio E"]
[Black "Marcziter, Dmitrii"]
[WhiteFideId "4401824"]
[BlackFideId "13900765"]
[WhiteElo "2423"]
[BlackElo "2162"]
[Result "1-0"]
[Round "04"]
[TimeControl "180+2"]
[Date "2023.04.18"]
[WhiteClock "0:01:21"]
[BlackClock "0:00:50"]

1. e4 e5 2. d4 exd4 3. c3 d3 4. c4 Bb4+ 5. Bd2 Qe7 6. Bxd3 Bxd2+ 7. Nxd2 Nf6 8. Ngf3 d6 9. O-O O-O 10. h3 Nc6 11. a3 a5 12. b3 Ne5 13. Nxe5 dxe5 14. Qc2 Be6 15. Nf3 Bd7 16. Qc3 Rfe8 17. Rfd1 h6 18. Bc2 Bc6 19. Re1 b6 20. Nh4 g6 21. g3 Kh7 22. Ng2 Rad8 23. b4 axb4 24. axb4 Rd4 25. f3 Red8 26. Ne3 Nh5 27. Nd5 Qg5 28. g4 Nf4 29. Rad1 Nxh3+ 30. Kf1 Qh4 31. Qe3 Bxd5 32. exd5 Rxc4 33. Rd2 Nf4 34. Be4 Qh1+ 35. Qg1 Qh3+ 36. Kf2 Ra8 37. Qg3 Rxb4 38. d6 Rd8 39. Qxh3 Nxh3+ 40. Kg3 Ng5 41. dxc7 Nxe4+ 42. Rxe4 1-0


[Site "https://www.chess.com"]

[Event "Titled Tuesday Blitz April 18 Late 2023"]
[White "Arias, Juan Cruz"]
[Black "EsmeraldasAnderson03"]
[WhiteFideId "118540"]
[WhiteElo "2243"]
[BlackElo "2370"]
[Result "0-1"]
[Round "04"]
[TimeControl "180+2"]
[Date "2023.04.18"]
[WhiteClock "0:00:20"]
[BlackClock "0:00:06"]

1. d4 d5 2. Nf3 Nf6 3. e3 c5 4. c3 Nc6 5. dxc5 a5 6. Bb5 e6 7. b4 Ne4 8. Bb2 Qf6 9. Nbd2 axb4 10. Nxe4 dxe4 11. Nd4 e5 12. Nb3 bxc3 13. Bxc3 Qg6 14. Qd5 Qe6 15. Bxc6+ bxc6 16. Qxe5 Qxe5 17. Bxe5 Be6 18. O-O f6 19. Bd4 Kf7 20. Nd2 f5 21. a4 Be7 22. f3 exf3 23. Nxf3 Bf6 24. a5 Rhb8 25. Bxf6 Kxf6 26. Nd4 Ra6 27. e4 g6 28. exf5 gxf5 29. Rfe1 Bd7 30. Nf3 Rba8 31. Ne5 Be8 32. Nc4 Bf7 33. Nb6 R8a7 34. Red1 Rxa5 35. Rxa5 Rxa5 36. Rd6+ Ke5 37. Rxc6 Ra2 38. Rc7 Bg6 39. c6 Rc2 40. Rc8 Kd6 41. Rd8+ Kc7 42. Rf8 Kxb6 43. h3 Rxc6 44. Kh2 Kc5 45. Kg3 Kd5 46. Kf4 Rc2 47. g4 fxg4 48. hxg4 Rf2+ 0-1


[Site "https://www.chess.com"]

[Event "Titled Tuesday Blitz April 18 Late 2023"]
[White "Kozin, Yuri"]
[Black "Davidson, Kevin"]
[WhiteFideId "4129920"]
[BlackFideId "2056810"]
[WhiteElo "2623"]
[BlackElo "2151"]
[Result "1-0"]
[Round "04"]
[TimeControl "180+2"]
[Date "2023.04.18"]
[WhiteClock "0:00:17"]
[BlackClock "0:00:12"]

1. e4 c5 2. Nf3 d6 3. d4 cxd4 4. Nxd4 Nf6 5. Nc3 a6 6. Be3 e5 7. Nf3 Qc7 8. a4 h6 9. a5 Be6 10. Be2 Nbd7 11. O-O Be7 12. Nd5 Nxd5 13. exd5 Bf5 14. c4 O-O 15. b4 g5 16. Rc1 Bg6 17. c5 dxc5 18. bxc5 Bxc5 19. d6 Qxa5 20. Bxc5 Nxc5 21. Nxe5 Bf5 22. Qd5 Rac8 23. Nc4 Qa2 24. Qxf5 Qxe2 25. Nb6 Rc6 26. Nd5 Nd3 27. Rcd1 Qe5 28. Ne7+ Kg7 29. Qxd3 1-0


[Site "https://www.chess.com"]

[Event "Titled Tuesday Blitz April 18 Late 2023"]
[White "micke12a"]
[Black "Di Berardino, Diego Rafael"]
[BlackFideId "2105446"]
[WhiteElo "2366"]
[BlackElo "2432"]
[Result "0-1"]
[Round "04"]
[TimeControl "180+2"]
[Date "2023.04.18"]
[WhiteClock "0:00:01"]
[BlackClock "0:00:10"]

1. e4 Nf6 2. e5 Nd5 3. d4 d6 4. c4 Nb6 5. exd6 exd6 6. Nf3 Be7 7. h3 O-O 8. Nc3 Bf6 9. Be2 Nc6 10. O-O Bf5 11. Be3 d5 12. c5 Nc8 13. Qb3 N8e7 14. Rfd1 h6 15. Qa4 Bh7 16. b4 a6 17. Qb3 Qd7 18. a4 a5 19. b5 Nb4 20. Rd2 c6 21. Na2 Nxa2 22. Qxa2 Be4 23. Qb2 Nf5 24. Bf4 Rfe8 25. Ne5 Bxe5 26. Bxe5 Nh4 27. Bf1 Re6 28. Bg3 Nf5 29. Bf4 Rg6 30. Kh2 Nh4 31. Bg3 Nf5 32. Bf4 Nh4 33. Bg3 Qe7 34. Bd3 Nxg2 35. Re2 Nh4 36. Bxe4 dxe4 37. bxc6 bxc6 38. Rae1 Nf3+ 39. Kh1 Nxe1 40. Rxe1 Qe6 41. Kh2 Re8 42. Qb7 f5 43. Qb6 Kh7 44. Qxa5 f4 45. Bxf4 Qf5 46. Bg3 e3 47. Rxe3 Rxe3 48. fxe3 Qc2+ 49. Kh1 Rxg3 0-1


[Site "https://www.chess.com"]

[Event "Titled Tuesday Blitz April 18 Late 2023"]
[White "Janaszak, Dawid"]
[Black "Jodorcovsky Werjivker, Paulo"]
[WhiteFideId "1119206"]
[BlackFideId "3700305"]
[WhiteElo "2220"]
[BlackElo "2120"]
[Result "1-0"]
[Round "04"]
[TimeControl "180+2"]
[Date "2023.04.18"]
[WhiteClock "0:02:29"]
[BlackClock "0:01:28"]

1. e4 e5 2. Nf3 Nc6 3. d4 exd4 4. Nxd4 Qh4 5. Be2 Qxe4 6. Nb5 Kd8 7. O-O Be7 8. N1c3 Qg6 9. Nd5 Bd6 10. Bh5 Qf5 11. Nxd6 cxd6 12. Re1 g6 13. Bg4 1-0


[Site "https://www.chess.com"]

[Event "Titled Tuesday Blitz April 18 Late 2023"]
[White "Mickiewicz, Piotr"]
[Black "brm72"]
[WhiteFideId "1114891"]
[WhiteElo "2246"]
[BlackElo "2590"]
[Result "1-0"]
[Round "04"]
[TimeControl "180+2"]
[Date "2023.04.18"]
[WhiteClock "0:00:06"]
[BlackClock "0:00:06"]

1. Nf3 c5 2. e3 Nc6 3. Bb5 g6 4. O-O Bg7 5. d4 cxd4 6. exd4 d5 7. c4 a6 8. Bxc6+ bxc6 9. Nc3 Nf6 10. Ne5 Bd7 11. cxd5 cxd5 12. Qf3 e6 13. Bg5 h6 14. Bh4 g5 15. Bg3 O-O 16. h4 Bb5 17. hxg5 hxg5 18. Rfe1 Nd7 19. a4 Nxe5 20. Bxe5 Bc4 21. Bxg7 Kxg7 22. Re5 Rh8 23. Qe3 Kg6 24. b3 Bxb3 25. Ne2 Bc4 26. f4 Bxe2 27. Rxg5+ Kf6 28. Qxe2 Qd6 29. Re1 Qxf4 30. Rg4 Qh2+ 31. Kf2 Rh5 32. Ke3 Rah8 33. Rf1+ Ke7 34. Qb2 Qc7 35. Qb4+ Qd6 36. Rxf7+ Kxf7 37. Qxd6 Re8 38. Rf4+ Kg6 39. Qd7 Rhh8 40. Qf7+ Kg5 41. Qf6+ Kh5 42. Rh4# 1-0


[Site "https://www.chess.com"]

[Event "Titled Tuesday Blitz April 18 Late 2023"]
[White "Srinath, Rao S.V."]
[Black "Buchenau, Frank"]
[WhiteFideId "5028876"]
[BlackFideId "4604350"]
[WhiteElo "2196"]
[BlackElo "2157"]
[Result "1-0"]
[Round "04"]
[TimeControl "180+2"]
[Date "2023.04.18"]
[WhiteClock "0:00:32"]
[BlackClock "0:00:09"]

1. e4 e6 2. d4 d5 3. Nd2 c5 4. Ngf3 cxd4 5. exd5 Qxd5 6. Bc4 Qd6 7. O-O Nf6 8. Nb3 Nc6 9. Nbxd4 Nxd4 10. Nxd4 a6 11. c3 Qc7 12. Be2 Bd6 13. h3 O-O 14. Bf3 e5 15. Nb3 e4 16. Be2 Bf5 17. Bg5 Bh2+ 18. Kh1 Rad8 19. Nd4 Be5 20. Nxf5 Rxd1 21. Raxd1 h6 22. Bh4 Kh7 23. Bxf6 Bxf6 24. Ne3 Bg5 25. Nd5 Qe5 26. f4 exf3 27. Bxf3 Qg3 28. Bg4 g6 29. Rf3 Qe5 30. Rff1 Bh4 31. b3 f5 32. Bf3 g5 33. c4 Rf7 34. Bh5 Rg7 35. Rd3 g4 36. Re3 Qd4 37. hxg4 fxg4 38. g3 Bg5 39. Re8 Bd2 40. Kg2 Qd3 41. Nf6# 1-0


[Site "https://www.chess.com"]

[Event "Titled Tuesday Blitz April 18 Late 2023"]
[White "Gubajdullin, Alexei"]
[Black "Schuster, Karsten"]
[WhiteFideId "4141202"]
[BlackFideId "4611071"]
[WhiteElo "2279"]
[BlackElo "2294"]
[Result "1/2-1/2"]
[Round "04"]
[TimeControl "180+2"]
[Date "2023.04.18"]
[WhiteClock "0:00:18"]
[BlackClock "0:00:18"]

1. d4 d5 2. Nf3 Nf6 3. Bf4 c5 4. e3 cxd4 5. exd4 Nc6 6. c3 Bf5 7. Qb3 Qc8 8. Nbd2 e6 9. Ke2 Be7 10. Ke1 O-O 11. Be2 a6 12. a4 Na5 13. Qa2 Ne4 14. h4 Bg4 15. h5 Nxd2 16. Nxd2 Bxe2 17. Kxe2 h6 18. Rh3 b5 19. Rg3 Kh8 20. Be5 f6 21. Bf4 Nc4 22. Nf3 Bd6 23. Bxd6 Nxd6 24. Nh4 Kg8 25. Re3 Re8 26. axb5 axb5 27. Qxa8 Qxa8 28. Rxa8 Rxa8 29. Rxe6 Nc4 30. Nf5 Kf8 31. b3 Ra2+ 32. Kf3 Nd2+ 33. Kg4 Ne4 34. f3 Rxg2+ 35. Kh3 Ng5+ 36. Kxg2 Nxe6 37. Kg3 Nc7 38. Kf4 Kf7 39. Ke3 Ne8 40. Kd3 Ke6 41. Ne3 Nd6 42. c4 bxc4+ 43. bxc4 dxc4+ 44. Nxc4 Nf5 45. Nb6 Ng3 46. Kc4 Nxh5 47. Kc5 Nf4 48. d5+ Nxd5 49. Nxd5 Kf5 50. Kd4 g5 51. Ke3 Ke5 52. Ne7 h5 53. Kf2 Kf4 54. Nd5+ Ke5 55. Ne7 Kf4 56. Ng6+ Kf5 57. Ne7+ Kf4 1/2-1/2


[Site "https://www.chess.com"]

[Event "Titled Tuesday Blitz April 18 Late 2023"]
[White "Moral Garcia, Serafin"]
[Black "Szente Varga, Fruzsina"]
[WhiteFideId "2201925"]
[BlackFideId "712264"]
[WhiteElo "2274"]
[BlackElo "1994"]
[Result "0-1"]
[Round "04"]
[TimeControl "180+2"]
[Date "2023.04.18"]
[WhiteClock "0:02:31"]
[BlackClock "0:02:33"]

1. e4 e5 2. Nf3 Nc6 3. Bb5 a6 4. Bxc6 dxc6 5. O-O Bg4 6. h3 Bxf3 7. Qxf3 f6 8. d3 Qd7 9. Nc3 O-O-O 10. Qe2 g5 11. Qg4 Qxg4 12. hxg4 h5 13. gxh5 Rxh5 14. f3 Bc5+ 15. Rf2 Ne7 16. Bd2 Rdh8 0-1


[Site "https://www.chess.com"]

[Event "Titled Tuesday Blitz April 18 Late 2023"]
[White "Bilan, Danila"]
[Black "crosky"]
[WhiteFideId "24161918"]
[WhiteElo "2182"]
[BlackElo "2356"]
[Result "0-1"]
[Round "04"]
[TimeControl "180+2"]
[Date "2023.04.18"]
[WhiteClock "0:00:01"]
[BlackClock "0:00:04"]

1. d4 Nf6 2. Nf3 e6 3. g3 b5 4. Bg2 Bb7 5. O-O c5 6. a4 b4 7. c4 cxd4 8. Qxd4 Be7 9. b3 O-O 10. Bb2 Qc7 11. Nbd2 d6 12. Rac1 Nc6 13. Qd3 e5 14. Rfd1 Rad8 15. Ng5 h6 16. Nge4 Nxe4 17. Bxe4 Nb8 18. Nf1 Nd7 19. Bxb7 Qxb7 20. Ne3 Nc5 21. Qc2 Bg5 22. Nd5 Bxc1 23. Bxc1 Qd7 24. Bxh6 Qh3 25. Be3 Ne6 26. Bxa7 f5 27. Bb6 Rb8 28. a5 f4 29. Ne7+ Kf7 30. Nd5 fxg3 31. fxg3 Rbe8 32. a6 Kg8 33. e3 Ng5 34. Qg2 Nf3+ 35. Kh1 Qh5 36. a7 Nxh2 37. Ra1 Ng4+ 38. Qh3 Qxh3+ 39. Kg1 Rf2 40. a8=Q Qh2# 0-1


[Site "https://www.chess.com"]

[Event "Titled Tuesday Blitz April 18 Late 2023"]
[White "Sanchez Alvares, Kelvin Antonio"]
[Black "merinasian"]
[WhiteFideId "3906680"]
[WhiteElo "2217"]
[BlackElo "2356"]
[Result "1-0"]
[Round "04"]
[TimeControl "180+2"]
[Date "2023.04.18"]
[WhiteClock "0:00:16"]
[BlackClock "0:00:18"]

1. e4 d6 2. d4 Nd7 3. Nc3 g6 4. f4 Bg7 5. Nf3 e6 6. h4 h5 7. Bd3 Ne7 8. Qe2 a6 9. f5 Nf6 10. fxg6 Nxg6 11. Bg5 Qd7 12. O-O-O b5 13. e5 Ng4 14. Bxg6 fxg6 15. Qe4 Rb8 16. Qxg6+ Qf7 17. Qxf7+ Kxf7 18. Rhf1 Kg6 19. Ne2 dxe5 20. dxe5 Nxe5 21. Nf4+ Kh7 22. Nxh5 Ng4 23. Nxg7 Kxg7 24. Ne5 Nxe5 25. Bf6+ Kg6 26. Bxe5 Rxh4 27. Bxc7 Rb7 28. Bd8 Rg4 29. Rf6+ Kg7 30. Rf2 Rd7 31. Bf6+ Kg6 32. Rxd7 Bxd7 33. Be5 Bc6 34. g3 Bd5 35. b3 Re4 36. Bc7 e5 37. Rd2 Be6 38. Rd6 Kf5 39. Rxa6 Re1+ 40. Kb2 e4 41. Rb6 e3 42. Rxb5+ Kg4 43. Re5 Bf5 44. Bb6 e2 45. Ba5 Kf3 46. Bxe1 Be4 47. Rxe4 Kxe4 48. a4 1-0


[Site "https://www.chess.com"]

[Event "Titled Tuesday Blitz April 18 Late 2023"]
[White "angelgab3"]
[Black "Ozalp, Burak"]
[BlackFideId "6314210"]
[WhiteElo "2521"]
[BlackElo "2106"]
[Result "1-0"]
[Round "04"]
[TimeControl "180+2"]
[Date "2023.04.18"]
[WhiteClock "0:01:09"]
[BlackClock "0:01:33"]

1. e4 c6 2. d4 d5 3. e5 c5 4. dxc5 Nc6 5. f4 h5 6. Be3 Bf5 7. c3 e6 8. Nf3 a5 9. Nbd2 a4 10. Bb5 Qa5 11. Nd4 Rc8 12. Qxa4 Qc7 13. O-O Nh6 14. h3 Be7 15. c4 O-O 16. cxd5 Bxc5 17. Nxf5 Nxf5 18. Bxc5 Nxe5 19. Bxf8 Qb6+ 20. Kh2 Qe3 21. fxe5 Qg3+ 22. Kh1 Ne3 23. Qe4 Rc2 24. Qf3 1-0


[Site "https://www.chess.com"]

[Event "Titled Tuesday Blitz April 18 Late 2023"]
[White "Sonnenschein, Philipp"]
[Black "mohsengabr2002"]
[WhiteFideId "16250877"]
[WhiteElo "2224"]
[BlackElo "2351"]
[Result "1-0"]
[Round "04"]
[TimeControl "180+2"]
[Date "2023.04.18"]
[WhiteClock "0:00:28"]
[BlackClock "0:00:57"]

1. d4 g6 2. e4 Bg7 3. Nc3 e6 4. h4 h5 5. Bg5 Ne7 6. Nf3 d6 7. Qd2 c6 8. O-O-O b5 9. Kb1 Nd7 10. d5 cxd5 11. Nxb5 Nb6 12. exd5 Nbxd5 13. c4 a6 14. Na3 Rb8 15. cxd5 Rxb2+ 16. Qxb2 Bxb2 17. Kxb2 Qb6+ 18. Ka1 Nxd5 19. Bc4 Qc5 20. Bxd5 Qxa3 21. Bc6+ Bd7 22. Bxd7+ Kxd7 23. Ne5+ Kc8 24. Rc1+ Kb7 25. Nc4 Qc5 26. Be7 Qd4+ 27. Nb2 Rc8 28. Rxc8 Kxc8 29. f3 Kd7 30. Rd1 Qf2 31. Bxd6 Qxg2 32. Nc4 e5 33. Bxe5+ Ke6 34. Rd6+ Ke7 35. Bf6+ Ke8 36. Rd8# 1-0


[Site "https://www.chess.com"]

[Event "Titled Tuesday Blitz April 18 Late 2023"]
[White "Peatman, Carter"]
[Black "Ronka, Erik"]
[WhiteFideId "2096480"]
[BlackFideId "505080"]
[WhiteElo "2003"]
[BlackElo "2264"]
[Result "0-1"]
[Round "04"]
[TimeControl "180+2"]
[Date "2023.04.18"]
[WhiteClock "0:00:09"]
[BlackClock "0:00:13"]

1. d4 Nf6 2. Bf4 g6 3. e3 Bg7 4. Nf3 O-O 5. h3 d6 6. Bh2 b6 7. a4 a5 8. c3 Bb7 9. Be2 Nbd7 10. O-O Ra7 11. Na3 Qa8 12. Nb5 Qb8 13. Nxa7 Qxa7 14. Nd2 Re8 15. Bf3 c6 16. b4 Nd5 17. Qb3 e5 18. b5 Qa8 19. Nc4 Bf8 20. Bg4 N7f6 21. Bf3 cxb5 22. axb5 e4 23. Be2 Qd8 24. Rfd1 Bc8 25. Bf1 Bf5 26. Kh1 Qd7 27. Qa3 Rd8 28. Qb3 h5 29. Be2 Be7 30. f3 Kg7 31. Bg1 exf3 32. Bxf3 Ne4 33. Bxe4 Bxe4 34. Kh2 g5 35. Nd2 Nf6 36. Nxe4 Nxe4 37. Qc2 f5 38. Rf1 g4 39. Qd3 Qe6 40. g3 d5 41. h4 Qd6 42. Bf2 Bxh4 43. Rg1 Bg5 44. Be1 h4 45. Rg2 hxg3+ 46. Bxg3 Rh8+ 47. Kg1 Nxg3 48. c4 Rh1+ 49. Kf2 Ne4+ 50. Ke2 Rxa1 51. c5 bxc5 52. dxc5 Qxc5 53. b6 Ra2+ 54. Ke1 Qc1+ 55. Qd1 Bh4+ 56. Kf1 Qxd1# 0-1


[Site "https://www.chess.com"]

[Event "Titled Tuesday Blitz April 18 Late 2023"]
[White "Rodriguez Santiago, Jaime"]
[Black "Rios Escobar, Adan"]
[WhiteFideId "3100898"]
[BlackFideId "3403645"]
[WhiteElo "2025"]
[BlackElo "2491"]
[Result "0-1"]
[Round "04"]
[TimeControl "180+2"]
[Date "2023.04.18"]
[WhiteClock "0:00:06"]
[BlackClock "0:00:04"]

1. c4 Nf6 2. Nc3 g6 3. g3 c5 4. Bg2 Bg7 5. e4 d6 6. Nge2 O-O 7. d3 Nc6 8. O-O Rb8 9. h3 a6 10. a4 b6 11. Be3 Bb7 12. Rb1 Nd7 13. f4 Nd4 14. b4 e6 15. Qd2 Ba8 16. g4 f5 17. g5 e5 18. Nd5 Bxd5 19. exd5 Nxe2+ 20. Qxe2 exf4 21. Bxf4 Bd4+ 22. Kh1 Ne5 23. b5 axb5 24. axb5 Ra8 25. h4 Qd7 26. h5 Ra3 27. Rbd1 Rfa8 28. Rd2 Rb3 29. Bxe5 Bxe5 30. h6 Raa3 31. Rf3 Qd8 32. Qe3 Ra1+ 33. Bf1 Rbb1 34. Rdf2 Re1 35. Qd2 Rad1 36. Qa2 Bd4 37. Qa7 Qxg5 38. Qb8+ Kf7 39. Qc7+ Re7 40. Qxd6 Bxf2 41. Rxf2 Qxh6+ 42. Kg2 Qg5+ 43. Qg3 Qxg3+ 44. Kxg3 Re3+ 45. Kg2 Ree1 46. Be2 Rd2 47. Kf3 g5 48. Ke3 Rdxe2+ 49. Rxe2 Rxe2+ 50. Kxe2 h5 51. Kf3 h4 52. Kg2 g4 53. Kh2 f4 54. d4 cxd4 55. c5 d3 56. cxb6 d2 57. b7 d1=Q 58. b8=Q Qe2+ 59. Kh1 Qf1+ 60. Kh2 g3# 0-1


[Site "https://www.chess.com"]

[Event "Titled Tuesday Blitz April 18 Late 2023"]
[White "Liu, Eric"]
[Black "Pesotskiy, Mikhail"]
[WhiteFideId "30960240"]
[BlackFideId "34164453"]
[WhiteElo "2094"]
[BlackElo "2131"]
[Result "1-0"]
[Round "04"]
[TimeControl "180+2"]
[Date "2023.04.18"]
[WhiteClock "0:01:06"]
[BlackClock "0:00:44"]

1. Nf3 Nf6 2. b3 b5 3. Bb2 Bb7 4. e3 a6 5. c4 bxc4 6. bxc4 e6 7. Be2 Be7 8. O-O O-O 9. Qb3 Nc6 10. d4 Rb8 11. Nc3 Na5 12. Qc2 c5 13. Nd2 d5 14. cxd5 Nxd5 15. dxc5 Bxc5 16. Nxd5 Qxd5 17. Bf3 Qg5 18. Bxb7 Rxb7 19. Ne4 Qg6 20. Bxg7 Kxg7 21. Qxc5 Qxe4 22. Qg5+ Kh8 23. Qxa5 Rg8 24. g3 Rb2 25. Qc3+ 1-0


[Site "https://www.chess.com"]

[Event "Titled Tuesday Blitz April 18 Late 2023"]
[White "Goncalves, Davi Sulzbacher"]
[Black "Seder, Mohammed"]
[WhiteFideId "2154510"]
[BlackFideId "11505567"]
[WhiteElo "2182"]
[BlackElo "1862"]
[Result "1-0"]
[Round "04"]
[TimeControl "180+2"]
[Date "2023.04.18"]
[WhiteClock "0:00:06"]
[BlackClock "0:00:02"]

1. d4 Nf6 2. Nf3 e6 3. Bg5 d5 4. e3 c5 5. c3 Nc6 6. Nbd2 Be7 7. Bd3 O-O 8. O-O h6 9. Bh4 b6 10. Ne5 Nxe5 11. dxe5 Nd7 12. Bxe7 Qxe7 13. f4 Bb7 14. Qh5 Rad8 15. Rad1 Nb8 16. g4 d4 17. exd4 cxd4 18. c4 Na6 19. g5 Nc5 20. Bb1 d3 21. gxh6 g6 22. Qg5 Qxg5+ 23. fxg5 Rd4 24. Kf2 Rh4 25. Kg3 Rh5 26. h4 Rd8 27. Rf4 Nd7 28. Re1 Nc5 29. Ref1 Rf8 30. b3 a5 31. Rd4 Ba8 32. a3 Rc8 33. Rdf4 Rc7 34. Rd4 Nd7 35. Bxd3 Nxe5 36. Rd8+ Kh7 37. Be4 Bc6 38. Rf4 Rd7 39. Rxd7 Bxd7 40. Bg2 f5 41. Rd4 Bc6 42. Bxc6 Nxc6 43. Rd7+ Kg8 44. Nf3 e5 45. Rd6 e4 46. Rxg6+ Kh8 47. Rxc6 exf3 48. Kxf3 Rxh4 49. Rxb6 Rg4 50. Rg6 Rg1 51. Kf4 Rf1+ 52. Ke5 Rb1 53. Rb6 a4 54. Rb8+ Kh7 55. Kf6 Rf1 56. g6+ Kxh6 57. Rh8# 1-0


[Site "https://www.chess.com"]

[Event "Titled Tuesday Blitz April 18 Late 2023"]
[White "Lorenzo De La Riva, Lazaro"]
[Black "Ward, Ieuan C"]
[WhiteFideId "2268809"]
[BlackFideId "406627"]
[WhiteElo "2294"]
[BlackElo "2323"]
[Result "1-0"]
[Round "04"]
[TimeControl "180+2"]
[Date "2023.04.18"]
[WhiteClock "0:01:15"]
[BlackClock "0:00:07"]

1. c4 Nf6 2. g3 e6 3. Bg2 d5 4. Nf3 Be7 5. O-O O-O 6. b3 b6 7. Bb2 Bb7 8. e3 c5 9. Qe2 Nbd7 10. Nc3 a6 11. Rfd1 Qc7 12. Rac1 Rac8 13. d4 cxd4 14. exd4 dxc4 15. Na4 b5 16. Nc3 b4 17. Na4 c3 18. Ba1 Qb8 19. a3 a5 20. Qb5 Bxf3 21. Qxb8 Rxb8 22. Bxf3 Nd5 23. axb4 axb4 24. Re1 N7f6 25. g4 h6 26. h4 g5 27. hxg5 hxg5 28. Kg2 Kg7 29. Kg3 Bd6+ 30. Kg2 Bf4 31. Rc2 Bd2 32. Rd1 Nf4+ 33. Kf1 Rbd8 34. Rdxd2 cxd2 35. Rxd2 Rc8 36. Bb2 N6d5 37. Kg1 Kg8 38. Nc5 Ra8 39. Be4 Ra2 40. Bb1 Ra5 41. Ne4 Rc8 42. Nxg5 Nc3 43. Bh7+ Kg7 44. d5 Rxd5 45. Rxd5 exd5 46. Bf5 Ra8 47. Kh2 Ra2 48. Bc1 Rxf2+ 49. Kg3 Nfe2+ 50. Kxf2 Nxc1 51. Bc2 Kf6 52. Nf3 Ne4+ 53. Ke3 Ng5 54. Nd4 Na2 55. Nc6 Ne6 56. Bf5 Nc5 57. Bc2 Kg5 58. Kf3 Nc1 59. Ne5 N1xb3 60. Nxf7+ Kf6 61. Bxb3 Nxb3 62. Nd6 1-0


[Site "https://www.chess.com"]

[Event "Titled Tuesday Blitz April 18 Late 2023"]
[White "Jovic, Stanoje"]
[Black "Kraus, Tomas"]
[WhiteFideId "905020"]
[BlackFideId "331708"]
[WhiteElo "2236"]
[BlackElo "2389"]
[Result "1-0"]
[Round "04"]
[TimeControl "180+2"]
[Date "2023.04.18"]
[WhiteClock "0:02:04"]
[BlackClock "0:01:46"]

1. c4 Nf6 2. g3 g6 3. Bg2 Bg7 4. Nc3 c5 5. Nf3 O-O 6. O-O d5 7. cxd5 Nxd5 8. Nxd5 Qxd5 9. d3 Nc6 10. Be3 Qd6 11. Rc1 b6 12. d4 Nxd4 13. Nxd4 cxd4 14. Bxa8 dxe3 15. Qxd6 exf2+ 16. Kxf2 exd6 17. Bd5 Be6 18. Bxe6 fxe6+ 19. Kg2 Rxf1 20. Kxf1 Bxb2 21. Rc7 Bd4 22. Rxa7 Bc5 23. Re7 e5 24. e4 h5 25. a4 Kf8 26. Rd7 1-0


[Site "https://www.chess.com"]

[Event "Titled Tuesday Blitz April 18 Late 2023"]
[White "Skaric, Djuro"]
[Black "Shubenkova, Veronika"]
[WhiteFideId "934569"]
[BlackFideId "44124040"]
[WhiteElo "2282"]
[BlackElo "2027"]
[Result "1-0"]
[Round "04"]
[TimeControl "180+2"]
[Date "2023.04.18"]
[WhiteClock "0:00:09"]
[BlackClock "0:00:02"]

1. g3 d5 2. Bg2 Nf6 3. d3 c6 4. Nf3 g6 5. O-O Bg7 6. h3 O-O 7. Nc3 d4 8. Ne4 Nxe4 9. dxe4 c5 10. Ne1 e5 11. b3 Nc6 12. Nd3 b6 13. Bd2 Qc7 14. a4 a5 15. f4 f5 16. exf5 Bxf5 17. g4 Bxd3 18. exd3 exf4 19. Qf3 Ne5 20. Qd5+ Kh8 21. Bxf4 Rad8 22. Qe4 Rde8 23. Kh1 Qc8 24. Qd5 Rd8 25. Qe4 Rfe8 26. Qb7 Qxb7 27. Bxb7 h5 28. gxh5 gxh5 29. Be4 Rf8 30. Bg3 Nd7 31. Rxf8+ Rxf8 32. Kg2 Nf6 33. Bf3 Kh7 34. Re1 Kg6 35. Re6 Kg5 36. Rxb6 h4 37. Bd6 Re8 38. Bxc5 Nd7 39. Rb5 Kf4 40. Bd6+ Ke3 41. Rxa5 Rc8 42. Bd1 Kd2 43. Ra7 Nf6 44. Rxg7 Kxd1 45. Rf7 Nd5 46. Kf3 Kxc2 47. Ke4 Nc3+ 48. Kxd4 Kxb3 49. Rb7+ Kxa4 50. Rb4+ Ka5 51. Rc4 Nb5+ 52. Kd5 Rd8 53. Rc6 Re8 54. Be5 Rd8+ 55. Ke4 Rg8 56. Rh6 Rg2 57. Rxh4 Re2+ 58. Kf5 Kb6 59. Rh6+ Kc5 60. h4 Kd5 61. Bf6 Rf2+ 62. Kg6 Rg2+ 63. Bg5 Nd6 64. Rh8 Ke6 65. Ra8 Rg3 66. Ra6 Rxd3 67. Bf4 Ke7 68. Rxd6 1-0


[Site "https://www.chess.com"]

[Event "Titled Tuesday Blitz April 18 Late 2023"]
[White "Fajdetic, Hrvoje"]
[Black "Figorito, Nick"]
[WhiteFideId "14501945"]
[BlackFideId "30923689"]
[WhiteElo "2185"]
[BlackElo "2456"]
[Result "1/2-1/2"]
[Round "04"]
[TimeControl "180+2"]
[Date "2023.04.18"]
[WhiteClock "0:00:18"]
[BlackClock "0:00:17"]

1. d4 Nf6 2. Bf4 d5 3. e3 c5 4. Nc3 a6 5. dxc5 Nc6 6. Nf3 Bg4 7. Be2 e6 8. Na4 Bxc5 9. Nxc5 Qa5+ 10. c3 Qxc5 11. O-O O-O 12. Ne5 Bxe2 13. Qxe2 Rfd8 14. Rfd1 Nxe5 15. Bxe5 Ne4 16. Qg4 Qf8 17. c4 Rac8 18. cxd5 exd5 19. f3 Nc5 20. Rd2 Ne6 21. Rad1 Qc5 22. Bd4 Qa5 23. a3 Nxd4 24. Qxd4 Rc4 25. Qe5 h6 26. Rxd5 Rxd5 27. Qxd5 Qxd5 28. Rxd5 Rc1+ 29. Kf2 Rc2+ 30. Kg3 Rxb2 31. Rd8+ Kh7 32. Rd7 f6 33. e4 Rb3 34. h4 Rxa3 35. Rxb7 Ra1 36. Ra7 a5 37. Kf4 a4 38. g4 a3 39. h5 a2 40. Ra8 Re1 41. Rxa2 Rf1 42. Ra5 Rf2 43. Ra3 Rf1 44. Kf5 Rf2 45. f4 Rf1 46. Re3 Rf2 47. e5 fxe5 48. Rxe5 Rf1 49. Re7 Rf2 50. Re5 Rf1 51. Rb5 Rf2 52. Re5 1/2-1/2


[Site "https://www.chess.com"]